[Event "Titled Tuesday Blitz April 12 Late 2022"]
[White "Demchenko, Anton"]
[Black "Plazuelo Pascual, Juan"]
[WhiteFideId "4160258"]
[BlackFideId "32059566"]
[WhiteElo "2862"]
[BlackElo "2538"]
[Result "0-1"]
[Round "02"]
[TimeControl "180+1"]
[Date "2022.04.13"]
[WhiteClock "0:00:03"]
[BlackClock "0:00:19"]

1. e4 c5 2. Nf3 Nc6 3. Bb5 d6 4. O-O Bd7 5. Re1 Nf6 6. c3 a6 7. Bf1 Bg4 8. d4 cxd4 9. cxd4 e5 10. d5 Nd4 11. Be3 Nxf3+ 12. gxf3 Bd7 13. Nd2 Be7 14. Nc4 b5 15. Nb6 Rb8 16. Nxd7 Nxd7 17. a4 Bg5 18. axb5 axb5 19. Ra6 Bxe3 20. fxe3 Nc5 21. Rc6 b4 22. Qd2 O-O 23. Bh3 g6 24. Qg2 Re8 25. Rc1 Ra8 26. Qe2 Ra2 27. Kh1 Qe7 28. Rb1 Na4 29. Qb5 Nxb2 30. Rc2 Na4 31. Rxa2 Nc3 32. Qxb4 Nxa2 33. Qa5 Qh4 34. Bd7 Qf2 35. Bxe8 Qxf3+ 36. Kg1 Qxe3+ 37. Kf1 Qd3+ 38. Kf2 Qxb1 39. Qd8 Qxe4 40. Qxd6 Nc3 41. Qe7 Qf4+ 42. Kg2 Nxd5 43. Bxf7+ Qxf7 44. Qxe5 Nf4+ 45. Kg1 Nh3+ 46. Kg2 Nf4+ 47. Kg1 Ne6 48. Qb8+ Kg7 49. Qe5+ Qf6 50. Qd5 Qd4+ 51. Qxd4+ Nxd4 52. Kg2 Ne6 0-1


[Site "https://www.chess.com"]

[Event "Titled Tuesday Blitz April 12 Late 2022"]
[White "Domingo Nunez, Alejandro"]
[Black "Zhigalko, Sergei"]
[WhiteFideId "22245561"]
[BlackFideId "13502956"]
[WhiteElo "2215"]
[BlackElo "2662"]
[Result "0-1"]
[Round "02"]
[TimeControl "180+1"]
[Date "2022.04.12"]
[WhiteClock "0:00:39"]
[BlackClock "0:01:05"]

1. Nf3 d5 2. g3 c6 3. Bg2 Bg4 4. O-O Nd7 5. c4 e6 6. b3 Ngf6 7. Bb2 Bd6 8. d3 O-O 9. Qc2 a5 10. Nc3 Re8 11. Rfe1 e5 12. cxd5 cxd5 13. Nb5 Rc8 14. Qxc8 Qxc8 15. Nxd6 Qd8 16. Nxe8 Qxe8 17. Rac1 h6 18. Rc7 b6 19. Rec1 Qe6 20. R1c6 Qf5 21. Nh4 Qh5 22. f3 Be6 23. e4 Nc5 24. Bf1 Qg5 25. Ng2 Bh3 26. Rxb6 Bxg2 27. Kxg2 Qd2+ 28. Kg1 Qxb2 0-1


[Site "https://www.chess.com"]

[Event "Titled Tuesday Blitz April 12 Late 2022"]
[White "Dubov, Daniil"]
[Black "Seo, Jung Min"]
[WhiteFideId "24126055"]
[BlackFideId "1734687"]
[WhiteElo "2791"]
[BlackElo "2401"]
[Result "1-0"]
[Round "02"]
[TimeControl "180+1"]
[Date "2022.04.12"]
[WhiteClock "0:00:30"]
[BlackClock "0:00:23"]

1. e4 e5 2. Nf3 Nc6 3. Nc3 Nf6 4. d4 exd4 5. Nxd4 Bb4 6. Nxc6 bxc6 7. Bd3 O-O 8. O-O d5 9. exd5 cxd5 10. Bg5 c6 11. Qf3 Bd6 12. Rae1 Rb8 13. Nd1 h6 14. Bxf6 Qxf6 15. Qxf6 gxf6 16. b3 Bd7 17. Ne3 Rbe8 18. Nf5 Bxf5 19. Bxf5 Bb4 20. Rd1 Re2 21. Rd4 Bc5 22. Rg4+ Kh8 23. Bd3 Re5 24. g3 Rg8 25. Rh4 Kg7 26. Kg2 Rge8 27. Ra4 Re1 28. Ra6 Rxf1 29. Kxf1 Bb6 30. Ra4 Re5 31. Rg4+ Rg5 32. Rh4 Re5 33. f4 Re8 34. Rg4+ Kf8 35. Rh4 Kg7 36. Rh5 Re7 37. Kg2 Re1 38. Kf3 Ra1 39. a4 Re1 40. Kg4 Re3 41. Kf5 Bc7 42. Rh4 Bd8 43. Rg4+ Kf8 44. Rh4 Kg7 45. Rh3 Be7 46. Kg4 Bd8 47. Kh5 Be7 48. Rh4 f5 49. Rh3 Rf3 50. Bxf5 Re3 51. Kg4 c5 52. Bd3 Re6 53. Rh5 Rd6 54. Re5 Kf8 55. Be2 Re6 56. Rxe6 fxe6 57. Kh5 Kg7 58. Bg4 e5 59. fxe5 c4 60. bxc4 dxc4 61. Be2 c3 62. Kg4 Bd8 63. Kf5 Bc7 64. Bd3 Kf7 65. Bc4+ Kg7 66. Ke6 a5 67. Bd3 Bb8 68. Kd5 Kf7 69. Kd4 Ke6 70. Bc4+ Kf5 71. e6 Be5+ 72. Kd5 Kf6 73. e7 1-0


[Site "https://www.chess.com"]

[Event "Titled Tuesday Blitz April 12 Late 2022"]
[White "Esipenko, Andrey"]
[Black "Akrakan"]
[WhiteFideId "24175439"]
[WhiteElo "2999"]
[BlackElo "2174"]
[Result "1-0"]
[Round "02"]
[TimeControl "180+1"]
[Date "2022.04.13"]
[WhiteClock "0:00:56"]
[BlackClock "0:00:18"]

1. c4 c5 2. Nf3 Nc6 3. Nc3 Nf6 4. d4 cxd4 5. Nxd4 e6 6. g3 Be7 7. Bg2 O-O 8. O-O d5 9. cxd5 exd5 10. b3 Be6 11. Bb2 Rc8 12. e3 Qd7 13. Nxe6 fxe6 14. Qe2 Kh8 15. Rad1 Bd6 16. Kh1 Ne5 17. e4 Bb4 18. exd5 Bxc3 19. Bxc3 Rxc3 20. Qxe5 Rc2 21. dxe6 Qe7 22. h3 Rxa2 23. Rc1 Nd7 24. Qe3 Nb6 25. f4 Rd8 26. Rfd1 Rf8 27. Qe5 Re8 28. Rc7 Qf6 29. Qxf6 gxf6 30. f5 Rb2 31. Bxb7 Rxb3 32. Bc6 Rg8 33. Rg1 Rc3 34. e7 Nd5 35. Bxd5 Rxc7 36. Bxg8 Kxg8 37. e8=Q+ Kg7 38. Rd1 Rf7 39. h4 h5 40. Kh2 a5 41. Kh3 a4 42. Qxa4 1-0


[Site "https://www.chess.com"]

[Event "Titled Tuesday Blitz April 12 Late 2022"]
[White "Estrada Nieto, Julian"]
[Black "Levin, Anthony"]
[WhiteFideId "5101018"]
[BlackFideId "30940680"]
[WhiteElo "2252"]
[BlackElo "2082"]
[Result "1-0"]
[Round "02"]
[TimeControl "180+1"]
[Date "2022.04.13"]
[WhiteClock "0:00:15"]
[BlackClock "0:00:03"]

1. e4 c5 2. Nf3 d6 3. d4 cxd4 4. Qxd4 Nc6 5. Bb5 Bd7 6. Bxc6 Bxc6 7. Nc3 Nf6 8. Bg5 e6 9. O-O-O Be7 10. Rhe1 O-O 11. Kb1 Qa5 12. Qd2 Rfd8 13. Nd5 Qxd2 14. Nxe7+ Kf8 15. Nxd2 Kxe7 16. f3 h6 17. Bh4 g5 18. Bf2 Rac8 19. Bxa7 Ra8 20. Bb6 Rdc8 21. Nc4 d5 22. Bc5+ Kd8 23. Nb6 Ba4 24. Nxc8 Bxc2+ 25. Kxc2 Rxc8 26. b4 b6 27. Kb3 bxc5 28. bxc5 Rxc5 29. Rc1 Rb5+ 30. Kc2 Rb4 31. Kc3 Ra4 32. Kb3 Ra7 33. Red1 Ke7 34. Rd4 e5 35. Rb4 d4 36. a4 Nh5 37. g3 Ng7 38. Rb5 Ne6 39. Rxe5 f6 40. Rd5 Rb7+ 41. Ka3 Ra7 42. Rc6 Kf7 43. Rxe6 Kxe6 44. Rxd4 Ra5 45. Kb4 Ra7 46. a5 Rb7+ 47. Kc3 Rc7+ 48. Kd3 Ra7 49. Ra4 f5 50. Kd4 fxe4 51. fxe4 Kd6 52. e5+ Ke6 53. Ke4 h5 54. h3 Ra6 55. g4 h4 56. Ra3 Ra7 57. Ra1 Ra6 58. Kd4 Ra7 59. Ra3 Rd7+ 60. Kc4 Ra7 61. Kb5 Kxe5 62. Kb6 Rf7 63. a6 Kf4 64. a7 Rf6+ 65. Kc7 Rf7+ 66. Kd6 Rf6+ 67. Ke7 Rh6 68. a8=Q Rh7+ 69. Kf6 Rh6+ 70. Kg7 Ra6 1-0


[Site "https://www.chess.com"]

[Event "Titled Tuesday Blitz April 12 Late 2022"]
[White "Fajdetic, Hrvoje"]
[Black "Dauner, Benedikt"]
[WhiteFideId "14501945"]
[BlackFideId "16225899"]
[WhiteElo "2172"]
[BlackElo "2230"]
[Result "0-1"]
[Round "02"]
[TimeControl "180+1"]
[Date "2022.04.13"]
[WhiteClock "0:01:27"]
[BlackClock "0:01:24"]

1. d4 Nf6 2. Bf4 e6 3. e3 b6 4. Be2 Bb7 5. Bf3 d5 6. c4 Bd6 7. Ne2 O-O 8. Nbc3 a6 9. g4 Ne4 10. cxd5 exd5 11. Qc2 Re8 12. h4 Qe7 13. Bxd6 Qxd6 14. Nf4 Nxc3 0-1


[Site "https://www.chess.com"]

[Event "Titled Tuesday Blitz April 12 Late 2022"]
[White "Federzoni, Enzo"]
[Black "Wagner, Dennis"]
[WhiteFideId "2173301"]
[BlackFideId "24650684"]
[WhiteElo "1956"]
[BlackElo "2355"]
[Result "0-1"]
[Round "02"]
[TimeControl "180+1"]
[Date "2022.04.13"]
[WhiteClock "0:00:33"]
[BlackClock "0:00:51"]

1. c4 Nf6 2. Nc3 e5 3. g3 Bb4 4. Bg2 O-O 5. Nf3 Re8 6. O-O e4 7. Nd4 Nc6 8. Nxc6 dxc6 9. d4 Bxc3 10. bxc3 Be6 11. Qb3 b5 12. d5 bxc4 13. Qxc4 cxd5 14. Qc5 Nd7 15. Qd4 c5 16. Qd1 Ne5 17. Bf4 Nc4 18. h4 Qd7 19. Rb1 h6 20. a4 Rad8 21. Rb5 Rc8 22. Qb3 Bh3 23. Rb7 Qg4 24. Re1 Bxg2 25. Kxg2 Na5 26. Qxd5 Nxb7 27. Qxb7 a5 28. Qb6 Qe6 29. Qxa5 Qc4 30. Be3 Re6 31. Qa7 Ra6 32. Qb7 Raa8 33. a5 Qxc3 34. Rd1 Qxa5 35. Rd7 Qa6 36. Qb3 c4 37. Qc3 Qe6 38. Rb7 Rab8 39. Rxb8 Rxb8 40. Bf4 Rc8 41. h5 Qg4 42. Qd4 Qxh5 43. Qd7 Qc5 44. Be3 Qc6 45. Qd4 c3 46. Bxh6 Qxh6 0-1


[Site "https://www.chess.com"]

[Event "Titled Tuesday Blitz April 12 Late 2022"]
[White "Feinberg, Noam"]
[Black "Vovk, Orest"]
[WhiteFideId "30942616"]
[BlackFideId "14113490"]
[WhiteElo "2216"]
[BlackElo "2203"]
[Result "0-1"]
[Round "02"]
[TimeControl "180+1"]
[Date "2022.04.13"]
[WhiteClock "0:00:04"]
[BlackClock "0:00:28"]

1. e4 g5 2. d4 h6 3. Nc3 Bg7 4. Be3 c5 5. Nge2 cxd4 6. Nxd4 Nc6 7. Qd2 d6 8. h4 g4 9. h5 Qa5 10. Bc4 Nf6 11. O-O-O Bd7 12. Kb1 Rc8 13. Bb3 Ne5 14. Nd5 Qxd2 15. Nxf6+ Bxf6 16. Bxd2 Nc4 17. Bc3 a5 18. Ne2 Bxc3 19. Nxc3 Na3+ 20. Kc1 Nb5 21. Nd5 Nc7 22. Nb6 Rb8 23. Bxf7+ Kxf7 24. Nxd7 Ra8 25. Nb6 Ra6 26. Nd5 Ne6 27. g3 Ng5 28. Rd4 b5 29. Rh4 Nf3 30. Rxg4 Nxd4 31. Rf4+ Kg7 32. Kd2 Ra7 33. Rg4+ Kf7 34. Rf4+ Ke6 35. Rg4 Rf8 36. f4 Kd7 37. Rg6 Nc6 38. Rxh6 Rg8 39. Nf6+ exf6 0-1


[Site "https://www.chess.com"]

[Event "Titled Tuesday Blitz April 12 Late 2022"]
[White "Foisor, Sabina-Francesca"]
[Black "Santos Ruiz, Miguel"]
[WhiteFideId "1212915"]
[BlackFideId "22291482"]
[WhiteElo "2382"]
[BlackElo "2747"]
[Result "0-1"]
[Round "02"]
[TimeControl "180+1"]
[Date "2022.04.13"]
[WhiteClock "0:00:07"]
[BlackClock "0:00:19"]

1. d4 Nf6 2. c4 e6 3. Nf3 Bb4+ 4. Bd2 a5 5. g3 d5 6. b3 b6 7. Bg2 Bb7 8. O-O O-O 9. a3 Bd6 10. Bg5 Nbd7 11. Nc3 h6 12. Bc1 c5 13. cxd5 Nxd5 14. Nb5 Be7 15. Bb2 Rc8 16. e4 N5f6 17. e5 Nd5 18. Rc1 cxd4 19. Nfxd4 Rxc1 20. Qxc1 Nc5 21. Qc2 Qd7 22. Rd1 Rc8 23. Qe2 Ba6 24. a4 Bb7 25. h4 Qd8 26. Kh2 Qd7 27. Kg1 Rd8 28. Qg4 Bf8 29. h5 Qc8 30. Ne2 Qa8 31. Ned4 Ne3 32. fxe3 Bxg2 33. Rd2 Bb7 34. Rf2 Ne4 35. Rf1 Bd5 36. Nc7 Qc8 37. Ndb5 Ng5 38. Bd4 Bb7 39. Kh2 Qd7 40. Qf4 Qc6 41. e4 Qc2+ 42. Rf2 Qxe4 43. Qxe4 Nxe4 44. Bxb6 Nxf2 45. Bxf2 Rd1 46. Bb6 Rh1# 0-1


[Site "https://www.chess.com"]

[Event "Titled Tuesday Blitz April 12 Late 2022"]
[White "Goryachkina, Aleksandra"]
[Black "Matlakov, Maxim"]
[WhiteFideId "4147103"]
[BlackFideId "4168003"]
[WhiteElo "2426"]
[BlackElo "2669"]
[Result "0-1"]
[Round "02"]
[TimeControl "180+1"]
[Date "2022.04.12"]
[WhiteClock "0:00:02"]
[BlackClock "0:01:07"]

1. e4 c5 2. Nf3 d6 3. Bb5+ Bd7 4. Bxd7+ Nxd7 5. O-O Ngf6 6. Qe2 e6 7. c3 Be7 8. d4 O-O 9. e5 Ne8 10. Bf4 cxd4 11. cxd4 Nb6 12. Nc3 Nc7 13. Ne4 Ncd5 14. Bg3 dxe5 15. dxe5 Rc8 16. Rfd1 h6 17. Nd4 a6 18. Nb3 Qd7 19. Rac1 Rxc1 20. Rxc1 Rc8 21. Rxc8+ Qxc8 22. h3 Na4 23. Nd6 Qd7 24. Na5 b6 25. Nac4 b5 26. Na5 Qc7 27. Nb3 Nab6 28. Kh2 Nc4 29. Nxc4 bxc4 30. Nd4 Bg5 31. Qf3 Bc1 32. Qe2 Bf4 33. Qf3 Bxe5 0-1


[Site "https://www.chess.com"]

[Event "Titled Tuesday Blitz April 12 Late 2022"]
[White "Gracia Alvarez, Gerardo Antonio"]
[Black "Bordi, Kevin"]
[WhiteFideId "5109124"]
[BlackFideId "621862"]
[WhiteElo "2468"]
[BlackElo "2765"]
[Result "0-1"]
[Round "02"]
[TimeControl "180+1"]
[Date "2022.04.13"]
[WhiteClock "0:00:50"]
[BlackClock "0:00:39"]

1. e4 d5 2. exd5 Qxd5 3. Nc3 Qa5 4. d4 Nf6 5. Nf3 Nc6 6. Bb5 Ne4 7. O-O Nxc3 8. Bxc6+ bxc6 9. bxc3 Qxc3 10. Bd2 Qc4 11. Ne5 Qxd4 12. Nxc6 Qd5 13. Nb4 Qc4 14. Qf3 c6 15. Rfe1 Bg4 16. Qg3 e6 17. Nd3 Bf5 18. Qc7 Bxd3 19. cxd3 Qd5 20. Rac1 Bc5 21. Re5 Qd6 22. Qb7 Rb8 0-1


[Site "https://www.chess.com"]

[Event "Titled Tuesday Blitz April 12 Late 2022"]
[White "Guzman Moneo, Alberto"]
[Black "Quintiliano Pinto, Renato R."]
[WhiteFideId "2209616"]
[BlackFideId "2117568"]
[WhiteElo "2168"]
[BlackElo "2731"]
[Result "1/2-1/2"]
[Round "02"]
[TimeControl "180+1"]
[Date "2022.04.13"]
[WhiteClock "0:00:08"]
[BlackClock "0:00:17"]

1. e4 c5 2. Nc3 Nc6 3. Bb5 Nd4 4. Nf3 a6 5. Bd3 Nxf3+ 6. Qxf3 e6 7. O-O Ne7 8. Re1 Ng6 9. e5 Qc7 10. Qg3 d6 11. f4 dxe5 12. fxe5 c4 13. Be4 Bc5+ 14. Kh1 Bd4 15. Bxg6 hxg6 16. d3 b5 17. dxc4 bxc4 18. Bf4 Bb7 19. Rad1 O-O-O 20. Ne4 Bxe4 21. Rxe4 Bxb2 22. Rd6 Rxd6 23. exd6 Qc6 24. Qf3 Kd7 25. Rxc4 Qxf3 26. gxf3 e5 27. Bg3 Kxd6 28. Rb4 Bc3 29. Rb6+ Kd5 30. Rxa6 f5 31. Ra7 f4 32. Bf2 e4 33. Rc7 e3 34. Bxe3 fxe3 35. Rxc3 Re8 36. Rd3+ Kc4 37. Rd1 Kc3 38. Kg2 Kxc2 39. Re1 Kd2 40. Kf1 e2+ 41. Kf2 Kd3 42. Rb1 Re6 43. Ke1 Ra6 44. Rb3+ Kc4 45. Re3 Rxa2 46. Rxe2 Ra1+ 47. Kf2 Kd4 48. Kg3 Ra7 49. Re4+ Kd5 50. Rg4 Ra6 51. f4 Ke4 52. Rg5 Ra3+ 53. Kg4 Ra1 54. Re5+ Kd4 55. h4 Rg1+ 56. Kh3 Kd3 57. Rg5 Rxg5 58. fxg5 Ke3 59. Kg4 Ke4 60. h5 gxh5+ 61. Kxh5 Kf5 62. Kh4 g6 63. Kh3 Kf4 64. Kh4 Kf5 65. Kh3 Kf4 66. Kh4 Kf3 67. Kh3 Ke4 68. Kg4 Ke5 69. Kg3 Kf5 70. Kh4 Kf4 71. Kh3 Kxg5 72. Kg3 Kf5 73. Kf3 g5 74. Kg3 g4 75. Kg2 Kg5 76. Kg3 Kf5 77. Kg2 Kf4 78. Kf2 g3+ 79. Kg2 Kg4 80. Kg1 Kf3 81. Kf1 g2+ 82. Kg1 Kg3 1/2-1/2


[Site "https://www.chess.com"]

[Event "Titled Tuesday Blitz April 12 Late 2022"]
[White "Hardaway, Brewington"]
[Black "Raja Harshit"]
[WhiteFideId "30941849"]
[BlackFideId "5089000"]
[WhiteElo "1768"]
[BlackElo "2301"]
[Result "0-1"]
[Round "02"]
[TimeControl "180+1"]
[Date "2022.04.12"]
[WhiteClock "0:00:13"]
[BlackClock "0:00:38"]

1. Nf3 d5 2. e3 Nf6 3. b3 g6 4. Bb2 Bg7 5. c4 c6 6. Nc3 O-O 7. d4 Bg4 8. Be2 e6 9. Ne5 Bxe2 10. Qxe2 Nbd7 11. Nxd7 Qxd7 12. O-O a6 13. Na4 Qc7 14. Ba3 Rfe8 15. f4 Ne4 16. Rac1 Qd8 17. Qd3 b5 18. Nc3 Qa5 19. Bb2 bxc4 20. bxc4 Rab8 21. Nxe4 Rxb2 22. Nc3 Qa3 23. c5 Reb8 24. Rc2 Rxc2 25. Qxc2 Rb2 26. Qc1 Qb4 27. Rf2 Rxf2 28. Kxf2 f6 29. Ne2 e5 30. Qc3 Qa4 31. Qb3 Qb5 32. Qxb5 axb5 33. a3 Kf7 34. Ke1 Ke6 35. h3 Bh6 36. g4 exf4 37. exf4 Kd7 38. Kd2 Kc7 39. Kc3 Kb7 40. h4 Ka6 41. g5 Bg7 42. Ng3 Ka5 43. Ne2 Ka4 44. Kb2 b4 45. axb4 Kxb4 46. Kc2 Kc4 47. Kd2 fxg5 48. hxg5 Bxd4 49. Ng3 Bxc5 50. Ke2 Bd6 51. Kf2 0-1


[Site "https://www.chess.com"]

[Event "Titled Tuesday Blitz April 12 Late 2022"]
[White "Harish, Neeraj"]
[Black "Papp, Petra"]
[WhiteFideId "30958130"]
[BlackFideId "739049"]
[WhiteElo "1574"]
[BlackElo "2259"]
[Result "0-1"]
[Round "02"]
[TimeControl "180+1"]
[Date "2022.04.13"]
[WhiteClock "0:00:20"]
[BlackClock "0:00:59"]

1. c4 e5 2. Nc3 Nc6 3. Nf3 Nf6 4. g3 d5 5. cxd5 Nxd5 6. d3 Be7 7. Bg2 Nb6 8. O-O O-O 9. Bd2 Re8 10. Rc1 Bf8 11. a3 Nd4 12. Nxd4 exd4 13. Ne4 c6 14. Ba5 Rb8 15. Qb3 Be6 16. Qc2 Bd5 17. h4 h6 18. Bd2 f5 19. Nc5 Bxg2 20. Kxg2 Rxe2 21. Qb3+ Qd5+ 22. Qxd5+ Nxd5 23. Nb3 c5 24. Rce1 Rbe8 25. Rxe2 Rxe2 26. Re1 Rxe1 27. Bxe1 b6 28. Kf3 Kf7 29. Nd2 g5 30. hxg5 hxg5 31. Nc4 g4+ 32. Kg2 Bh6 33. Bd2 Bxd2 34. Nxd2 Ke6 35. f3 Ne3+ 36. Kf2 Nd1+ 37. Ke2 Nxb2 38. fxg4 fxg4 39. Nb3 Na4 40. Nd2 Nc3+ 41. Ke1 Kd5 42. Nf1 Ke5 43. Nh2 Kf5 44. Kd2 Nd5 45. Ke2 Ne3 46. Nf1 Nxf1 47. Kxf1 b5 48. Ke1 c4 49. dxc4 bxc4 0-1


[Site "https://www.chess.com"]

[Event "Titled Tuesday Blitz April 12 Late 2022"]
[White "Ibarra Jerez, Jose Carlos"]
[Black "Romanchuk, Viktor"]
[WhiteFideId "2226332"]
[BlackFideId "14109271"]
[WhiteElo "2626"]
[BlackElo "2242"]
[Result "1-0"]
[Round "02"]
[TimeControl "180+1"]
[Date "2022.04.12"]
[WhiteClock "0:00:03"]
[BlackClock "0:00:01"]

1. Nc3 d5 2. e4 dxe4 3. Nxe4 Bf5 4. Ng3 Bg6 5. h4 h6 6. Nf3 Nd7 7. h5 Bh7 8. d4 e6 9. Bd3 Bxd3 10. Qxd3 Ngf6 11. Bd2 Bd6 12. Ne4 Nxe4 13. Qxe4 c6 14. O-O-O Nf6 15. Qe2 Qc7 16. Ne5 O-O-O 17. f4 c5 18. dxc5 Bxc5 19. Rh3 Kb8 20. Rc3 Nd5 21. Rb3 Rd6 22. a3 Rc8 23. c4 Nb6 24. Rc3 Bd4 25. Rc2 f6 26. Nf3 Qd7 27. Kb1 Na4 28. Bb4 Bc5 29. Rxd6 Qxd6 30. Bxc5 Nxc5 31. g3 Qd3 32. Qxd3 Nxd3 33. Nd4 e5 34. Ne6 exf4 35. gxf4 Re8 36. f5 Re7 37. Rg2 Ne5 38. b3 Nf3 39. Nxg7 Nd4 40. Ne6 Nxe6 41. Re2 Kc7 42. fxe6 Kd6 43. b4 1-0


[Site "https://www.chess.com"]

[Event "Titled Tuesday Blitz April 12 Late 2022"]
[White "Isajevsky, Anton"]
[Black "Bernat, David"]
[WhiteFideId "4142500"]
[BlackFideId "2099225"]
[WhiteElo "2510"]
[BlackElo "2298"]
[Result "1-0"]
[Round "02"]
[TimeControl "180+1"]
[Date "2022.04.13"]
[WhiteClock "0:00:28"]
[BlackClock "0:00:13"]

1. c4 c5 2. Nc3 g6 3. g3 Bg7 4. Bg2 Nc6 5. Rb1 d6 6. a3 a5 7. Nf3 e5 8. O-O Nge7 9. Ne1 O-O 10. Nc2 a4 11. Ne3 Nd4 12. d3 Nec6 13. Ned5 Be6 14. e3 Nf5 15. Nxa4 Bxd5 16. Bxd5 Nfe7 17. Bg2 f5 18. Nc3 g5 19. b4 cxb4 20. axb4 e4 21. Nd5 exd3 22. Qxd3 Ne5 23. Nxe7+ Qxe7 24. Qd5+ Kh8 25. Qxb7 Qxb7 26. Bxb7 Rab8 27. Bd5 Rfc8 28. Be6 Rc7 29. Bxf5 Rxc4 30. b5 Rc5 31. Be4 Rcxb5 32. Rxb5 Rxb5 33. Ba3 d5 34. Bg2 Ra5 35. Be7 h6 36. Rd1 Nc6 37. Bd6 Ra1 38. Rxa1 Bxa1 39. Bxd5 Nd8 40. Kg2 Kg7 41. f4 Nf7 42. Bxf7 Kxf7 43. Kf3 Kg6 44. g4 gxf4 45. exf4 h5 46. Be5 hxg4+ 47. Kxg4 Bxe5 48. fxe5 1-0


[Site "https://www.chess.com"]

[Event "Titled Tuesday Blitz April 12 Late 2022"]
[White "Janaszak, Dawid"]
[Black "Makarian, Rudik"]
[WhiteFideId "1119206"]
[BlackFideId "44105681"]
[WhiteElo "2199"]
[BlackElo "2388"]
[Result "1-0"]
[Round "02"]
[TimeControl "180+1"]
[Date "2022.04.12"]
[WhiteClock "0:01:28"]
[BlackClock "0:01:55"]

1. e4 d6 2. Nc3 Nf6 3. d4 e5 4. Nge2 Qd7 5. g3 Qe7 6. Bg2 Nc6 7. O-O Bg4 8. f3 Bd7 9. Bg5 h6 10. Be3 Qd8 11. h3 Be7 12. g4 exd4 13. Nxd4 Nxd4 14. Qxd4 O-O 15. Rad1 Bc6 16. f4 Nd7 17. Nd5 Bxd5 18. Qxd5 c6 19. Qb3 Qc7 20. Kh1 Rfe8 21. g5 d5 22. gxh6 Bc5 23. Qc3 Bxe3 24. Qxg7# 1-0


[Site "https://www.chess.com"]

[Event "Titled Tuesday Blitz April 12 Late 2022"]
[White "Janturin, Artur"]
[Black "Plotnikov, Pavel"]
[WhiteFideId "4130022"]
[BlackFideId "4170342"]
[WhiteElo "2361"]
[BlackElo "2298"]
[Result "0-1"]
[Round "02"]
[TimeControl "180+1"]
[Date "2022.04.13"]
[WhiteClock "0:00:09"]
[BlackClock "0:01:09"]

1. b3 Nf6 2. Bb2 b6 3. Bxf6 exf6 4. c4 Bb7 5. Nc3 Be7 6. Nf3 O-O 7. g3 Na6 8. Bg2 c6 9. O-O f5 10. d4 Bf6 11. e3 Qe7 12. Ne1 Rfe8 13. Nd3 Nc7 14. Qc2 g6 15. Rac1 Rad8 16. Rfd1 Ne6 17. b4 Ng5 18. b5 Ne4 19. bxc6 dxc6 20. c5 h5 21. Nb4 a5 22. Nd3 b5 23. Rb1 Ba6 24. Nf4 h4 25. Nce2 hxg3 26. hxg3 Nxf2 27. Kxf2 Qxe3+ 28. Kf1 b4 29. Rd3 Bxd3 30. Qxd3 Bxd4 31. Qxe3 Rxe3 32. Bxc6 Bxc5 33. Rc1 Bf8 34. Kf2 Ra3 35. Bd5 Rd7 36. Bc4 Bc5+ 37. Kg2 Be3 38. Rc2 Kg7 39. Bb5 Re7 40. Nd5 Rb7 41. Bc4 a4 42. Nxe3 Rxe3 43. Nf4 b3 44. axb3 axb3 45. Rb2 Rc3 46. Bd5 Rc2+ 47. Rxc2 bxc2 48. Nd3 Rd7 0-1


[Site "https://www.chess.com"]

[Event "Titled Tuesday Blitz April 12 Late 2022"]
[White "Jaracz, Pawel"]
[Black "Bibasa, Bob"]
[WhiteFideId "1102222"]
[BlackFideId "10000240"]
[WhiteElo "2429"]
[BlackElo "2056"]
[Result "1-0"]
[Round "02"]
[TimeControl "180+1"]
[Date "2022.04.13"]
[WhiteClock "0:00:22"]
[BlackClock "0:00:02"]

1. d4 Nf6 2. c4 e6 3. Nc3 Bb4 4. Bg5 b6 5. e4 Bxc3+ 6. bxc3 h6 7. Bxf6 Qxf6 8. g3 Bb7 9. Bg2 d6 10. f4 e5 11. Qd2 Nd7 12. Ne2 c5 13. O-O Qe7 14. g4 f6 15. Ng3 g6 16. a4 a5 17. Rab1 O-O-O 18. f5 g5 19. Rfd1 Kc7 20. Nf1 Ba6 21. Ne3 Bb7 22. Nd5+ Bxd5 23. cxd5 h5 24. Qe2 hxg4 25. Qb5 Rb8 26. Bf1 Qh7 27. Rd2 g3 28. h3 g4 29. dxc5 dxc5 30. Qc6+ Kd8 31. Bb5 gxh3 32. d6 h2+ 33. Kh1 Rc8 34. Qb7 Rg8 35. Ba6 Rb8 36. Qc7+ Ke8 37. Rg2 Rd8 38. Bb5 Qf7 39. Bc6 Rg4 40. Bd5 Qh7 41. Rxb6 Qg7 42. Be6 Rf4 43. Rb1 Rf2 44. Rxg3 Qxg3 45. Bxd7+ Kf7 46. Be6+ Kf8 47. Qf7# 1-0


[Site "https://www.chess.com"]

[Event "Titled Tuesday Blitz April 12 Late 2022"]
[White "Kamsky, Gata"]
[Black "Koelle, Tobias"]
[WhiteFideId "2000024"]
[BlackFideId "16207378"]
[WhiteElo "2645"]
[BlackElo "2541"]
[Result "1-0"]
[Round "02"]
[TimeControl "180+1"]
[Date "2022.04.12"]
[WhiteClock "0:00:42"]
[BlackClock "0:00:06"]

1. d4 Nf6 2. Nf3 d5 3. Bf4 e6 4. e3 Nh5 5. Bg3 Be7 6. Nbd2 c5 7. c3 Nc6 8. Ne5 Nxg3 9. hxg3 Nxe5 10. dxe5 Qc7 11. Bb5+ Kf8 12. Nf3 a6 13. Bd3 g6 14. e4 b5 15. g4 Bb7 16. Qe2 Rd8 17. Kf1 Kg7 18. Re1 h6 19. g3 Qc6 20. Kg2 b4 21. c4 dxe4 22. Bxe4 Qxe4 23. Qxe4 Bxe4 24. Rxe4 Rd3 25. b3 a5 26. Rhe1 a4 27. R4e3 Rhd8 28. Rxd3 Rxd3 29. Re3 Rd7 30. Kf1 a3 31. Ke2 g5 32. Rd3 Rxd3 33. Kxd3 Bd8 34. Ke4 Bc7 35. Ne1 f6 36. exf6+ Kxf6 37. f4 Bd6 38. Nd3 Kg6 39. Kf3 Kf6 40. Nf2 Be7 41. Ne4+ Kg6 42. Ke3 Bf8 43. Nd2 h5 44. Kf3 gxf4 45. gxf4 hxg4+ 46. Kxg4 Bg7 47. Nf3 Bc3 48. Ng5 Bd4 49. Nxe6 Be3 50. Ng5 Kf6 51. Kf3 Bc1 52. Ke4 Bd2 53. Nf3 Bc1 54. Ne5 Ke6 55. Nd3 Bd2 56. Nxc5+ Kd6 57. Nd3 Kc6 58. f5 Bg5 59. Ke5 Kd7 60. Nxb4 Ke8 61. Nd3 1-0


[Site "https://www.chess.com"]

[Event "Titled Tuesday Blitz April 12 Late 2022"]
[White "Karttunen, Mika"]
[Black "Pein, Jonathan"]
[WhiteFideId "502081"]
[BlackFideId "417092"]
[WhiteElo "2343"]
[BlackElo "2140"]
[Result "0-1"]
[Round "02"]
[TimeControl "180+1"]
[Date "2022.04.13"]
[WhiteClock "0:00:02"]
[BlackClock "0:00:09"]

1. d4 d5 2. c4 e6 3. Nc3 Nf6 4. cxd5 Nxd5 5. e4 Nxc3 6. bxc3 c5 7. Nf3 cxd4 8. cxd4 Bb4+ 9. Bd2 Bxd2+ 10. Qxd2 O-O 11. Bc4 a6 12. O-O b5 13. Bd3 Bb7 14. Rfe1 Nd7 15. Rad1 Rc8 16. Bb1 Qb6 17. d5 exd5 18. exd5 Nf6 19. d6 Bxf3 20. gxf3 Rfd8 21. Bf5 Rc5 22. Qf4 g6 23. Bh3 Kg7 24. Re7 Rc2 25. Re3 Qc5 26. d7 Rxa2 27. Qh4 Ra4 28. Qg3 Rd4 29. Red3 Rxd3 30. Rxd3 b4 31. Qf4 a5 32. Rd1 a4 33. Rc1 Qe7 34. Qd2 b3 35. Rc8 a3 36. Rxd8 Qxd8 37. Qc3 b2 38. Qb3 Nxd7 0-1


[Site "https://www.chess.com"]

[Event "Titled Tuesday Blitz April 12 Late 2022"]
[White "Kazakouski, Valery"]
[Black "Garagulya, Konstantin"]
[WhiteFideId "13507443"]
[BlackFideId "4128931"]
[WhiteElo "2853"]
[BlackElo "2503"]
[Result "1-0"]
[Round "02"]
[TimeControl "180+1"]
[Date "2022.04.13"]
[WhiteClock "0:00:44"]
[BlackClock "0:00:12"]

1. d4 Nf6 2. c4 e6 3. Nc3 d5 4. cxd5 exd5 5. Bf4 Be7 6. e3 O-O 7. Bd3 c6 8. Nge2 Qb6 9. Qc2 Re8 10. O-O Nbd7 11. f3 Nf8 12. Kh1 Nh5 13. Be5 f6 14. Bg3 Nxg3+ 15. Nxg3 g6 16. Rae1 Be6 17. a3 Rad8 18. Na4 Qc7 19. Nc5 Bf7 20. f4 f5 21. Be2 b6 22. Nd3 c5 23. Ne5 Be6 24. Bb5 Nd7 25. Qa4 Nxe5 26. Bxe8 Nd3 27. Rb1 cxd4 28. Qxd4 Nxf4 29. exf4 Rxe8 30. Rfe1 Kf7 31. Rbc1 Qd6 32. Qa4 d4 33. Rc6 Qd7 34. Rexe6 Bc5 35. Rc7 Qxc7 36. Qxe8+ Kg7 37. Re1 Kh6 38. Qe5 Bd6 39. Nxf5+ gxf5 40. Qf6+ Kh5 41. Qg5# 1-0


[Site "https://www.chess.com"]